 Dungeon Crawl Stone Soup version 0.27-a0-1559-g299f994 (webtiles) character file.

Game seed: 18318541185435427569

17 Meow the Digger (level 2, -1/20 HPs)
             Began as a Ghoul Earth Elementalist on July 15, 2021.
             Slain by a jackal (2 damage)
             ... on level 1 of the Dungeon.
             The game lasted 00:01:48 (667 turns).

Meow the Digger (Ghoul Earth Elementalist)           Turns: 667, Time: 00:01:49

Health: -1/20      AC:  2    Str: 11    XL:     2   Next: 62%
Magic:  2/4        EV: 12    Int: 10    God:
Gold:   35         SH:  0    Dex:  9    Spells: 4/5 levels left

rFire    . . .     SeeInvis .   a - +0 mace
rCold    + . .     Faith    .   (no shield)
rNeg     + + +     Spirit   .   b - +0 robe
rPois    ∞         Reflect  .   (no helmet)
rElec    .         Harm     .   (no cloak)
rCorr    .         Rampage  .   (no gloves)
Will     .....                  (no boots)
Stlth    ++........             (no amulet)
HPRegen  0.00/turn              (no ring)
MPRegen  0.09/turn              (no ring)

@: no status effects
A: claws 1, cold resistance 1, negative energy resistance 3, inhibited
regeneration, torment resistance 2
a: no special abilities


You were on level 1 of the Dungeon.
You visited 1 branch of the dungeon, and saw 1 of its levels.

You collected 35 gold pieces.

Inventory:

Hand Weapons
 a - a +0 mace (weapon)
Missiles
 c - 11 stones
Armour
 b - a +0 robe (worn)
Scrolls
 d - a scroll of enchant armour {unknown}
 e - a scroll of teleportation {unknown}
 f - 2 scrolls of identify {unknown}
 g - a scroll of fog {unknown}
 h - a scroll of summoning {unknown}
Potions
 i - a potion of flight {unknown}
 j - a potion of lignification {unknown}


   Skills:
 - Level 1.7 Dodging
 - Level 2.1 Stealth
 + Level 2.2 Spellcasting
 - Level 0.8 Transmutations
 + Level 3.8 Earth Magic


You had 4 spell levels left.
You knew the following spells:

 Your Spells              Type           Power      Damage    Failure   Level
a - Sandblast             Erth           16%        2d6       6%          1

Your spell library contained the following spells:

 Spells                   Type           Power      Damage    Failure   Level
 Passwall                 Tmut/Erth      4%         N/A       19%         2
 Stone Arrow              Conj/Erth      8%         3d7       38%         3
 Petrify                  Tmut/Erth      5%         N/A       75%         4


Dungeon Overview and Level Annotations

Branches:
Dungeon (1/15)

Altars:

Shops:
D:1 (


Innate Abilities, Weirdness & Mutations

You thrive by killing the living.
You are immune to poison.
You have sharp fingernails.
Your flesh is cold resistant. (rC+)
You are immune to negative energy. (rN+++)
You do not regenerate when monsters are visible.
You are immune to unholy pain and torment.


Message History

The jackal is moderately wounded.
The jackal closely misses you. The jackal misses you.
You sock the jackal!
You kill the jackal!
The jackal closely misses you.
You hit the jackal but do no damage. The jackal bites you.
* * * LOW HITPOINT WARNING * * *
The jackal barely misses you.
You hit the jackal.
The jackal is lightly wounded.
The jackal bites you.
* * * LOW HITPOINT WARNING * * *
The jackal bites you.
* * * LOW HITPOINT WARNING * * *
You closely miss the jackal. The jackal closely misses you.
The jackal bites you.
* * * LOW HITPOINT WARNING * * *
You hit the jackal.
The jackal is moderately wounded.
The jackal misses you. The jackal barely misses you.
You hit the jackal.
The jackal is severely wounded.
The jackal closely misses you.
The jackal bites you but does no damage.
You miss the jackal.
The jackal is severely wounded.
The jackal bites you but does no damage.
The jackal closely misses you.
You barely miss the jackal.
The jackal is severely wounded.
The jackal misses you.
You hit the jackal.
You kill the jackal!
The jackal barely misses you.
You barely miss the jackal. The jackal misses you.
The jackal completely misses you.
You hit the jackal.
The jackal is heavily wounded.
The jackal bites you.
You die...

≈≈≈≈#.## #≈≈≈.
#...##...........
#####.
≈≈≈≈.#######.##########
...... ≈≈≈≈≈ #.# #####.
#.# ≈≈≈≈# #.# ≈≈≈≈# #.#
≈≈≈≈# #≈ #.# .≈≈≈#
.##..##### #.# ######
..≈≈≈ #....†h@.# #.#
#..... #...≈ ...#####.#
##.## #.#### ##..
#.###...## #.# .#
#.##....)###.####
#####.###)..#)......#
#........#.##.......#
#.###.##.#.##........
#.# #................
#.######.#'##........


You could see a jackal.

Vanquished Creatures
  An endoplasm (D:1)
  3 goblins (D:1)
  A hobgoblin (D:1)
  3 jackals (D:1)
  A bat (D:1)
  4 frilled lizards (D:1)
  2 kobolds (D:1)
  A rat (D:1)
16 creatures vanquished.

Notes
Turn   | Place    | Note
-------+----------+-------------------------------------------
     0 | D:1      | Meow the Ghoul Earth Elementalist began the quest for the
                  | Orb.
     0 | D:1      | Reached XP level 1. HP: 14/14 MP: 2/2
    56 | D:1      | Found Iryqej's Weapon Shop.
   461 | D:1      | Reached XP level 2. HP: 20/20 MP: 0/4
   660 | D:1      | HP: 1/20 [jackal (2)]
   667 | D:1      | Slain by a jackal

Illustrated notes

Levels and vault maps discovered:
D:1:      eino_arrival_cavern_c, layout_loops_corners, serial_shops, shop,
          roderic_st_hans_cross, st_stairs_2, chequers_serial_rivers_micro_d,
          grunt_decor_junction

Skill      XL: |  1 |
---------------+----+-----
Spellcasting   | 2 |  2.2
Dodging        | |  1.7
Stealth        | |  2.1
Transmutations | |  0.8
Earth Magic    | |  3.8

Action                   || total
-------------------------++-------
Melee: Mace              ||    26
 Cast: Sandblast         ||    19
Armor: Robe              ||     7
Dodge: Dodged            ||    31

Table legend: (Time is in decaauts)
 A = Elapsed time spent in this place.
 B = Non-inter-level travel time spent in this place.
 C = Inter-level travel time spent in this place.
 D = Time resting spent in this place.
 E = Time spent auto-exploring this place.
 F = Levels seen in this place.
 G = Mean time per level.
                   A        B        C        D        E       F      G
               +--------+--------+--------+--------+--------+-----+--------+
         Total |    676 |    676 |      0 |    143 |    385 |   1 |  676.0 |
       Dungeon |    676 |    676 |      0 |    143 |    385 |   1 |  676.0 |
               +--------+--------+--------+--------+--------+-----+--------+

Top non-repeatable levels by time:
     D:1: 676 daAuts
